 Dungeon Crawl Stone Soup version 0.20.0-15-g7f486f2 (webtiles) character file.

3076 ANON1729 the Destroyer (level 9, 0/44 (45) HPs)
             Began as a Tengu Conjurer on June 24, 2017.
             Slain by a wyvern (12 damage)
             ... on level 8 of the Dungeon.
             The game lasted 00:27:27 (8954 turns).

ANON1729 the Destroyer (Tengu Conjurer)             Turns: 8954, Time: 00:27:27

HP:   0/44 (45)     AC:  3    Str:  9    XL:     9   Next: 88%
MP:   23/23         EV: 12    Int: 19    God:
Gold: 415           SH:  0    Dex: 14    Spells: 23/26 levels left

rFire    + . .     SeeInvis .   s - +4 quarterstaff (chaos)
rCold    . . .     Gourm    .   (shield currently unavailable)
rNeg     . . .     Faith    .   a - +0 robe
rPois    .         Spirit   .   (helmet restricted)
rElec    .         Reflect  .   t - +0 cloak
rCorr    .         Harm     .   (no gloves)
MR       .....                  (boots unavailable)
Stlth    ++........             (no amulet)
Regen    0.2/turn               j - +1 ring of slaying
MPRegen  0.2/turn               (no ring)

@: no status effects
A: beak, claws 1, talons 3, fire resistance 1, able to fly 1
a: Fly


You were on level 8 of the Dungeon.
You were very hungry.

You visited 2 branches of the dungeon, and saw 9 of its levels.

You collected 415 gold pieces.

Inventory:

Hand Weapons
 e - a +0 short sword
 s - a +4 quarterstaff of chaos (weapon)
 u - a +2 long sword of holy wrath
 C - a +0 spear of freezing
 D - a +1 rapier of holy wrath
 G - a cursed -1 quarterstaff
Missiles
 A - 2 throwing nets (quivered)
Armour
 a - a +0 robe (worn)
 t - a +0 cloak (worn)
 v - a +2 leather armour of poison resistance
Magical Staves
 N - an uncursed staff of wizardry
Jewellery
 j - a +1 ring of slaying (left claw)
 F - an uncursed ring of resist corrosion {unknown}
Wands
 p - a wand of flame (40/48)
 x - a wand of flame (22/48)
 E - a wand of confusion (18/48)
Scrolls
 d - 2 scrolls of teleportation {unknown}
 f - 2 scrolls of recharging {unknown}
 k - 8 scrolls of identify {unknown}
 m - a scroll of fear {unknown}
 n - 4 scrolls of immolation {unknown}
 o - a scroll of amnesia {unknown}
 q - 4 scrolls of remove curse {unknown}
 y - 2 scrolls of random uselessness {unknown}
 z - 2 scrolls of enchant armour {unknown}
 H - 4 scrolls of enchant weapon {unknown}
 M - a scroll of fog {unknown}
Potions
 h - 2 potions of agility {unknown}
 l - a potion of mutation {unknown}
 r - 2 potions of curing {unknown}
 I - a potion of resistance {unknown}
 J - a potion of degeneration {unknown}
 K - a potion of flight {unknown}
 L - a potion of brilliance {unknown}
Books
 b - a book of Conjurations

   Spells                             Type                      Level
   a - Magic Dart                     Conjuration                  1
   b - Searing Ray                    Conjuration                  2
   c - Dazzling Spray                 Conjuration/Hexes            3
   d - Fulminant Prism                Conjuration/Hexes            4
   e - Force Lance                    Conjuration/Translocation    4
   f - Iskenderun's Mystic Blast      Conjuration                  4
 B - a book of Cantrips

   Spells                             Type                      Level
   a - Confusing Touch                Hexes                        1
   b - Animate Skeleton               Necromancy                   1
   c - Summon Small Mammal            Summoning                    1
   d - Apportation                    Translocation                1
Comestibles
 c - 9 bread rations
 g - 2 royal jellies
 i - 4 meat rations
 w - 12 fruits


   Skills:
 - Level 2.2 Dodging
 - Level 2.0 Stealth
 + Level 9.1 Spellcasting
 + Level 12.6 Conjurations
 + Level 1.8 Evocations


You had 23 spell levels left.
You knew the following spells:

 Your Spells              Type           Power        Failure   Level  Hunger
a - Magic Dart            Conj           ####         1%          1    None
b - Searing Ray           Conj           ######       1%          2    None


Dungeon Overview and Level Annotations

Branches:
Dungeon (8/15)             Temple (1/1) D:5
   Lair: D:8-11

Altars:
Ashenzari
Cheibriados
Dithmenos
Elyvilon
Fedhas
Gozag
Hepliaklqana
Kikubaaqudgha
Makhleb
Nemelex Xobeh
Okawaru
Qazlal
Ru
Sif Muna
Trog
Uskayaw
Xom
Yredelemnul
Zin
The Shining One

Portals:
Bailey: D:8


Innate Abilities, Weirdness & Mutations

You have a beak for a mouth.
You have claws for feet.
You can fly.
You have sharp fingernails.
Your flesh is heat resistant. (rF+)


Message History

A wyvern comes into view.
The wyvern hisses angrily.
Found a stone staircase leading down.
Wield which item (- for none, * to show all)? (? for menu, Esc to quit)
Your +1 rapier of holy wrath stops glowing.
Your +4 quarterstaff of chaos is briefly surrounded by a scintillating aura of random colours.
s - a +4 quarterstaff of chaos (weapon)
You hit the wyvern. You burn the wyvern. You claw the wyvern.
The wyvern is moderately wounded.
The wyvern bites you! The wyvern bites you.
You sock the wyvern!
Space bends around the wyvern.
Your kick misses the wyvern.
The wyvern is almost dead.
The wyvern bites you but does no damage.
The wyvern bites you!
* * * LOW HITPOINT WARNING * * *
You closely miss the wyvern.
The wyvern is almost dead.
The wyvern bites you!
You die...

.......###.>.
............#....
.....K.....#....
#.........#..#
.####............#.........
.........##......#.........
.................#.........
.........l@......#.........
.###.............#...).....
#.............#..)∩)....
#.............##..).....
#..?..#.......##........
...........#...#.....#...
....#.......#.............
.............#..#..........
........######.............


You could see a wyvern.

Vanquished Creatures
  A centaur zombie (D:8)
  Grinder (D:6)
  Sigmund (D:2)
  A wyvern (D:5)
  A sky beast (D:5)
  A phantom (D:5)
  A necrophage (D:7)
  2 ogres (D:4)
  A centaur (D:8)
  The ghost of koelner the Stinger, an amateur DsVM (D:4)
  A crocodile (D:6)
  3 bullfrogs
  A water moccasin zombie (D:6)
  A scorpion (D:7)
  3 howler monkeys
  4 crimson imps
  3 bullfrog zombies (D:6)
  A hound (D:6)
  Crazy Yiuf (D:2)
  2 centaur skeletons (D:6)
  4 bullfrog skeletons
  3 iguanas
  2 gnoll shamans (D:5)
  Jessica (D:2)
  A worker ant (D:7)
  Natasha (D:2)
  An orc wizard (D:7)
  A killer bee zombie (D:6)
  3 hound zombies
  The ghost of koelner the Stinger, a weakling DsVM (D:3)
  A howler monkey zombie (D:5)
  3 worker ant zombies (D:6)
  16 gnolls
  10 adders
  2 shadow imps
  3 adder zombies
  3 worms
  3 dart slugs
  6 leopard geckos
  7 orcs
  7 giant cockroaches
  6 goblins
  6 hobgoblins
  5 quokkas
  6 bats
  6 frilled lizards
  12 kobolds
  A leopard gecko skeleton (D:6)
  A quokka skeleton (D:5)
  8 rats
161 creatures vanquished.

Notes
Turn   | Place    | Note
-------+----------+-------------------------------------------
     0 | D:1      | ANON1729 the Tengu Conjurer began the quest for the Orb.
     0 | D:1      | Reached XP level 1. HP: 10/10 MP: 4/4
   317 | D:1      | Reached XP level 2. HP: 15/15 MP: 1/6
   321 | D:1      | Learned a level 2 spell: Searing Ray
   527 | D:1      | Reached skill level 6 in Conjurations
   887 | D:1      | Reached XP level 3. HP: 19/19 MP: 3/7
  1325 | D:2      | Found a blossoming altar of Fedhas.
  1497 | D:2      | Reached XP level 4. HP: 22/24 MP: 1/8
  1636 | D:2      | Noticed Jessica
  1643 | D:2      | Killed Jessica
  1643 | D:2      | Reached skill level 7 in Conjurations
  1878 | D:2      | Noticed Natasha
  1882 | D:2      | Killed Natasha
  1882 | D:2      | Gained mutation: You can fly. [Tengu growth]
  1882 | D:2      | Reached XP level 5. HP: 28/28 MP: 5/10
  2032 | D:2      | Noticed Sigmund
  2037 | D:2      | Killed Sigmund
  2037 | D:2      | Reached skill level 8 in Conjurations
  2037 | D:2      | Reached XP level 6. HP: 32/32 MP: 6/13
  2121 | D:2      | Found a runed door.
  2170 | D:2      | Noticed Crazy Yiuf
  2176 | D:2      | Killed Crazy Yiuf
  2565 | D:3      | Found a hazy altar of Hepliaklqana.
  2566 | D:3      | Noticed koelner's ghost (weakling DsVM)
  2574 | D:3      | Killed koelner's ghost
  2709 | D:3      | Found an iron altar of Okawaru.
  2973 | D:3      | Found a sparkling altar of Nemelex Xobeh.
  3084 | D:3      | Found a blossoming altar of Fedhas.
  3375 | D:4      | Reached XP level 7. HP: 36/36 MP: 7/15
  3594 | D:4      | Reached skill level 5 in Spellcasting
  3594 | D:4      | Reached skill level 9 in Conjurations
  3760 | D:4      | Found a glowing silver altar of Zin.
  3894 | D:4      | Noticed koelner's ghost (amateur DsVM)
  3907 | D:4      | Killed koelner's ghost
  4205 | D:5      | Entered Level 5 of the Dungeon
  4281 | D:5      | HP: 1/36 [gnoll/spear (9)]
  4284 | D:5      | Reached XP level 8. HP: 30/41 MP: 2/17
  4608 | D:5      | Reached skill level 10 in Conjurations
  4612 | D:5      | Gained mutation: Your flesh is heat resistant. (rF+) [mutagenic meat]
  4613 | D:5      | Gained mutation: You have sharp fingernails. [mutagenic meat]
  4857 | D:5      | Found a staircase to the Ecumenical Temple.
  4863 | Temple   | Entered the Ecumenical Temple
  5153 | D:5      | Found a shattered altar of Ashenzari.
  5154 | D:5      | Found an opulent altar of Gozag.
  5162 | D:5      | Found a sacrificial altar of Ru.
  5257 | D:5      | Noticed a wyvern
  5267 | D:5      | HP: 1/41 [gnoll shaman/club (2)]
  5699 | D:5      | Killed a wyvern
  6391 | D:6      | Reached skill level 11 in Conjurations
  6391 | D:6      | Reached skill level 1 in Evocations
  6737 | D:6      | Reached XP level 9. HP: 43/45 MP: 9/21
  7208 | D:6      | Noticed Grinder
  7220 | D:6      | Killed Grinder
  7670 | D:6      | Found a shimmering altar of Xom.
  8121 | D:7      | Reached skill level 12 in Conjurations
  8872 | D:8      | Found a flagged portal.
  8954 | D:8      | Slain by a wyvern

Skill      XL: |  1  2  3  4  5  6  7  8  9 |
---------------+----------------------------+-----
Conjurations   | 6 7 8 9 11 12 | 12.6
Spellcasting   | 3 4 5 7 9 |  9.1
Evocations     | 1 |  1.8
Dodging        | |  2.2
Stealth        | |  2.0

Action                   |  1- 3 |  4- 6 |  7- 9 || total
-------------------------+-------+-------+-------++-------
Melee: Unarmed           |     2 |       |       ||     2
       Kick              |     2 |       |    32 ||    34
       Short sword       |     4 |       |       ||     4
       Quarterstaff      |       |     5 |    18 ||    23
       Peck              |       |     1 |    21 ||    22
       Rapier            |       |       |   102 ||   102
 Cast: Magic Dart        |    72 |    66 |    93 ||   231
       Searing Ray       |       |     9 |    44 ||    53
Evoke: Wand              |       |       |     4 ||     4
  Use: Potion            |       |       |     3 ||     3
 Stab: Sleeping          |       |     1 |     2 ||     3
  Eat: Chunk             |     3 |     4 |    14 ||    21
       Meat ration       |       |       |     1 ||     1
       Fruit             |       |       |     1 ||     1
Armor: Robe              |     1 |     3 |    28 ||    32
Dodge: Dodged            |    11 |    10 |   102 ||   123
